 Dungeon Crawl Stone Soup version 0.30-a0-187-gd9c2deaf24 (webtiles) character file.

Game seed: 7142785145299597321

4194 freelancePsychic the Covert (level 10, -5/92 HPs)
             Began as an Armataur Brigand on Oct 3, 2022.
             Was a High Priest of Dithmenos.
             Killed from afar by an electric eel (6 damage)
             ... with a bolt of electricity
             ... on level 8 of the Dungeon.
             The game lasted 00:14:33 (6881 turns).

freelancePsychic the Covert (Armataur Brigand)      Turns: 6881, Time: 00:14:34

Health: -5/92      AC: 12    Str: 17    XL:     10   Next: 8%
Magic:  10/10      EV: 24    Int: 14    God:    Dithmenos [*****.]
Gold:   503        SH:  0    Dex: 22    Spells: 9/9 levels left

rFire   . . .      SeeInvis +    x - +5 rapier of the Brewing Ass {vamp, Drain Int+2 Dex+7 SInv}
rCold   . . .      Faith    .    (no shield)
rNeg    . . .      Spirit   .    B - +0 steam dragon scales
rPois   .          Reflect  .    (no helmet)
rElec   .          Harm     .    s - +2 cloak
rCorr   .          Roll     +    E - +2 pair of gloves
Will    .....                    (no barding)
Stlth   ++++++++..               n - amulet of the acrobat
HPRegen 0.35/turn                (no ring)
MPRegen 0.12/turn                (no ring)

@: acrobatic, wreathed by umbra
A: large, rugged brown scales 3, deformed body, armoured tail, roll, long
tongue, awkward tongue
a: Renounce Religion, Shadow Step, Shadow Form


You were on level 8 of the Dungeon.
You worshipped Dithmenos.
Dithmenos was extremely pleased with you.
You visited 1 branch of the dungeon, and saw 8 of its levels.
You also visited: Sewer.

You collected 503 gold pieces.

Inventory:

Hand Weapons
 a - a +2 dagger of freezing
 b - a +0 long sword
 x - the +5 rapier of the Brewing Ass (weapon) {vamp, Drain Int+2 Dex+7 SInv}
   (You acquired it on level 6 of the Dungeon)

   It occasionally heals its wielder for a portion of the damage dealt when it
   wounds a living foe.
   Int:       It affects your intelligence (+2).
   Dex:       It affects your dexterity (+7).
   SInv:      It lets you see invisible.
   Drain:     It drains your maximum health when unequipped.
 I - a +2 great sword
Missiles
 d - 25 poisoned darts
 e - 3 curare-tipped darts
 t - 6 boomerangs
 H - a throwing net (quivered)
 L - 10 javelins
Armour
 l - a +0 robe
 s - a +2 cloak (worn)
 B - +0 steam dragon scales (worn)
 D - a scarf of shadows
 E - a +2 pair of gloves (worn)
Jewellery
 n - an amulet of the acrobat (around neck)
Wands
 o - a wand of flame (23)
 y - a wand of paralysis (17)
 A - a wand of acid (6)
 G - a wand of polymorph (10)
Scrolls
 f - 2 scrolls of poison
 h - 2 scrolls of fear
 j - a scroll of enchant weapon
 k - a scroll of brand weapon
 m - 3 scrolls of blinking
 p - a scroll of fog {unknown}
 r - a scroll of enchant armour
 v - 2 scrolls of teleportation {unknown}
 F - 2 scrolls of identify {@r1}
 K - a scroll of noise {unknown}
Potions
 c - 2 potions of brilliance {unknown}
 g - 4 potions of haste {@q3}
 i - 2 potions of magic
 q - 4 potions of curing {@q1}
 u - 4 potions of heal wounds {@q2}
 w - 3 potions of attraction
 z - 2 potions of ambrosia
 C - 2 potions of cancellation {unknown}
 J - a potion of lignification {unknown}


   Skills:
 + Level 7.4 Fighting
 * Level 8.9 Short Blades
 - Level 1.7 Throwing
 + Level 3.5 Armour
 - Level 0.6 Dodging
 - Level 9.7 Stealth


You had 9 spell levels left.
You didn't know any spells.
Your spell library contained the following spells:

 Spells                   Type           Power      Damage    Failure   Level
 Gell's Gravitas          Tloc           0%         N/A       65%         3
 Stone Arrow              Conj/Erth      0%         3d7       65%         3
 Teleport Other           Tloc           0%         N/A       65%         3
 Animate Armour           Summ/Erth      0%         N/A       96%         4
 Dispersal                Tloc           0%         N/A       100%        6
 Lehudib's Crystal Spear  Conj/Erth      0%         10d2      100%        8


Dungeon Overview and Level Annotations

Branches:
Dungeon (8/15)             Temple (0/1) D:4            Lair (0/5) D:8
  Sewer (visited)

Altars:
Cheibriados
Dithmenos
Gozag
Makhleb
Qazlal
Ru
Vehumet
Wu Jian

Shops:
D:3 :

Annotations:
D:7 1 runed translucent door, Datul's ghost, novice MeRe


Innate Abilities, Weirdness & Mutations

You are completely covered in rugged brown scales. (AC +3, +7% HP)
Armour fits poorly on your strangely shaped body.
You have a long armoured tail.
You roll when moving toward enemies. (Rampage)
Your long tongue fully drains potion bottles. (2x potion effects)
Your tongue gives you trouble enunciating. (1.5x scroll delay)


Message History

The bolt of electricity hits you.
An electric eel comes into view.
The wolf closely misses you.
The wolf splashes around in the water.
The electric eel shoots out a bolt of lightning at you!
The bolt of electricity hits you!
A yak comes into view.
The wolf completely misses you. The wolf attacks as you move away!
The wolf misses you. The wolf attacks as you move away!
The wolf closely misses you.
You enter the shallow water.
Moving in this stuff is going to be slow.
A yak comes into view.
The yak moves out of view.
The wolf attacks as you move away! The wolf completely misses you. x2
The wolf splashes around in the water.
An orc comes into view. It is wielding a +0 hand axe.
The electric eel shoots out a bolt of lightning at you!
The bolt of electricity hits you. The wolf barely misses you.
The wolf attacks as you move away! The wolf misses you.
A yak comes into view.
The yak bellows!
The wolf misses you. The wolf completely misses you.
The orc throws a boomerang.
The boomerang misses you.
The electric eel shoots out a bolt of lightning at you!
The bolt of electricity hits the wolf!
The bolt of electricity hits you. x2
* * * LOW HITPOINT WARNING * * *
The electric eel shoots out a bolt of lightning at you!
The bolt of electricity misses you. The bolt of electricity hits you.
* * * LOW HITPOINT WARNING * * *
The yak bellows! x2
The electric eel shoots out a bolt of lightning at you!
The bolt of electricity hits the wolf!
The wolf dies!
The bolt of electricity hits you!
* * * LOW HITPOINT WARNING * * *
The bolt of electricity hits you!
* * * LOW HITPOINT WARNING * * *
The electric eel shoots out a bolt of lightning at you!
The bolt of electricity hits you.
You die...

#.# ..# .. .. .# #.##
#.## # ######@?######
#### ..~≈≈≈≈~h!....#
####...
.~≈≈≈≈≈h....~.####....##
~~≈≈≈≈≈S~oh~..#.†>.####
~≈≈≈≈≈≈≈S~~.....####
~~~≈S≈≈Y≈~.....##
..~≈~≈.~≈~~o...#
hYYo..~~≈~.~..##
YY.>..~≈~≈...#


You could see 3 yaks, an orc warrior, 2 wolves, 2 hounds, 3 electric eels and 2
orcs.

Vanquished Creatures
  Maggie (D:6)
  A wyvern (D:7)
  4 vampire mosquitoes (D:6)
  Edmund (D:6)
  Duvessa (D:4)
  2 ice beasts
  A black bear (D:3)
  3 ogres (D:5)
  A phantom (D:6)
  A centaur (D:6)
  4 kobold brigands
  A bullfrog (D:7)
  3 scorpions
  10 wights (D:7)
  Dowan (D:4)
  5 killer bees (D:7)
  2 howler monkeys (D:6)
  2 electric eels (D:8)
  8 hounds
  A jelly (D:6)
  A gnoll bouda (D:7)
  3 orc priests
  An iguana (D:5)
  3 orc wizards
  10 gnolls
  11 adders
  9 river rats
  A shadow imp (D:5)
  A white imp (D:5)
  2 ufetubi
  A worm (D:6)
  4 dart slugs (D:1)
  21 orcs
  12 ball pythons
  5 bats
  6 endoplasms
  3 giant cockroaches
  7 goblins
  9 hobgoblins
  6 jackals
  12 kobolds
  8 quokkas
  4 frilled lizards
  8 rats
201 creatures vanquished.

Vanquished Creatures (others)
  A wolf (D:8)
  3 plants (Sewer)
4 creatures vanquished.

Grand Total: 205 creatures vanquished

Notes
Turn   | Place    | Note
-------+----------+-------------------------------------------
     0 | D:1      | freelancePsychic the Armataur Brigand began the quest for
                  | the Orb.
     0 | D:1      | Reached XP level 1. HP: 18/18 MP: 1/1
   100 | D:1      | Found a faded altar of an unknown god.
   117 | D:1      | Prayed at the altar of an unknown god.
   117 | D:1      | Became a worshipper of Dithmenos the Shadowed
   117 | D:1      | Reached * piety under Dithmenos
   183 | D:1      | Reached XP level 2. HP: 25/25 MP: 2/2
   420 | D:1      | Reached XP level 3. HP: 26/31 MP: 3/3
   452 | D:1      | Reached ** piety under Dithmenos
   460 | D:1      | Reached skill level 5 in Stealth
   915 | D:2      | Reached XP level 4. HP: 36/39 MP: 4/4
  1267 | D:3      | Found Vysouceagh's Book Boutique.
  1516 | D:3      | Found a sacrificial altar of Ru.
  1662 | D:3      | Noticed a black bear
  1667 | D:3      | Killed a black bear
  1668 | D:3      | Reached XP level 5. HP: 48/48 MP: 5/5
  1684 | D:3      | Found a snail-covered altar of Cheibriados.
  1834 | D:3      | Reached skill level 6 in Stealth
  1836 | D:3      | Reached *** piety under Dithmenos
  1870 | D:4      | Reached XP level 6. HP: 54/54 MP: 6/6
  1980 | D:4      | Found a staircase to the Ecumenical Temple.
  2139 | D:4      | Noticed Duvessa
  2139 | D:4      | Noticed Dowan
  2141 | D:4      | Killed Duvessa
  2162 | D:4      | Killed Dowan
  2389 | D:4      | Reached XP level 7. HP: 58/63 MP: 7/7
  2835 | D:4      | Reached skill level 7 in Stealth
  3035 | D:5      | Entered Level 5 of the Dungeon
  3375 | D:5      | Reached skill level 5 in Short Blades
  3561 | D:5      | Reached skill level 5 in Fighting
  3831 | D:5      | Found an opulent altar of Gozag.
  3879 | D:5      | Reached XP level 8. HP: 72/72 MP: 8/8
  3885 | D:5      | Reached skill level 8 in Stealth
  4051 | D:6      | Noticed Edmund
  4055 | D:6      | Killed Edmund
  4277 | D:6      | Identified a scroll of acquirement
  4277 | D:6      | Acquired the +5 rapier of the Brewing Ass {vamp, Drain
                  | Int+2 Dex+7 SInv}
  4312 | D:6      | Reached **** piety under Dithmenos
  4522 | D:6      | Found a glowing drain.
  4528 | Sewer    | Entered a sewer
  5181 | D:6      | Noticed Maggie
  5193 | D:6      | Killed Maggie
  5194 | D:6      | Reached skill level 9 in Stealth
  5194 | D:6      | Reached XP level 9. HP: 69/80 MP: 9/9
  5476 | D:7      | Found a stormy altar of Qazlal.
  5515 | D:7      | Reached skill level 1 in Armour
  5592 | D:7      | Found a radiant altar of Vehumet.
  5814 | D:7      | Reached ***** piety under Dithmenos
  6051 | D:7      | Found a runed translucent door.
  6053 | D:7      | Noticed Datul's ghost (novice MeRe)
  6053 | D:7      | Noticed a white ugly thing
  6165 | D:7      | Found an ornate altar of the Wu Jian Council.
  6210 | D:7      | Reached XP level 10. HP: 66/91 MP: 10/10
  6722 | D:8      | Found a burning altar of Makhleb.
  6843 | D:8      | Found a staircase to the Lair.
  6881 | D:8      | HP: 1/92 [electric eel/bolt of electricity (14)]
  6881 | D:8      | Killed from afar by an electric eel

Illustrated notes

Levels and vault maps discovered:
D:1:      wander_arrival_desolate, layout_basic,
          hellmonk_ecumenical_altar_lost_god
D:2:      layout_loops_cross
D:3:      layout_basic, lemuel_crystal_altar, nicolae_ru_awakened_eye,
          serial_shops, shop_coins, minmay_bisected
D:4:      layout_basic, minmay_temple_entry_tees, serial_bayou_pond_c,
          uniq_duvessa
D:5:      layout_rooms, marbit_many_paths
D:6:      layout_basic, lightli_sewer_entry_pipes, uniq_maggie, uniq_edmund
D:7:      layout_loops_ring, nzn_wu_jian_council_hall,
          nicolae_vehumet_altar_sigil, grunt_qazlal_clouds,
          ebering_ghost_inner_flame, minmay_door_square
D:8:      layout_cave_pods, zin_scriptorium, mainiacjoe_overflow_paths,
          erik_lair_island

Skill      XL: |  1  2  3  4  5  6  7  8  9 |
---------------+----------------------------+-----
Fighting       | 2 3 4 5 6 7 |  7.4
Short Blades   | 2 3 4 5 6 8 |  8.9
Stealth        | 5 6 7 9 |  9.7
Armour         | 3 |  3.5
Throwing       | |  1.7
Dodging        | |  0.6

Action                   |  1- 3 |  4- 6 |  7- 9 | 10-12 || total
-------------------------+-------+-------+-------+-------++-------
Melee: Dagger            |   158 |    81 |   155 |       ||   394
       Tailslap          |    21 |     8 |    48 |     3 ||    80
       Punch             |       |     1 |     4 |     1 ||     6
       Rapier            |       |       |   156 |    37 ||   193
Throw: Dart              |       |     8 |    15 |       ||    23
       Throwing net      |       |       |     1 |       ||     1
Evoke: Wand              |       |       |       |     1 ||     1
  Use: Scroll            |       |     5 |    15 |       ||    20
       Potion            |       |     2 |     1 |       ||     3
 Stab: Sleeping          |     9 |    26 |    44 |     7 ||    86
       Distracted        |       |       |     1 |       ||     1
Armor: Robe              |    45 |    18 |    46 |       ||   109
       Steam dragon scal |       |       |    24 |    14 ||    38
Dodge: Dodged            |    81 |    31 |   125 |    35 ||   272

Table legend: (Time is in decaauts)
 A = Elapsed time spent in this place.
 B = Non-inter-level travel time spent in this place.
 C = Inter-level travel time spent in this place.
 D = Time resting spent in this place.
 E = Time spent auto-exploring this place.
 F = Levels seen in this place.
 G = Mean time per level.
                   A        B        C        D        E       F      G
               +--------+--------+--------+--------+--------+-----+--------+
         Total |   6923 |   6385 |    538 |     37 |   4728 |   9 |  769.2 |
       Dungeon |   6291 |   5753 |    538 |     37 |   4283 |   8 |  786.4 |
         Sewer |    632 |    632 |      0 |      0 |    445 |   1 |  632.0 |
               +--------+--------+--------+--------+--------+-----+--------+

Top non-repeatable levels by time:
     D:7: 1152 daAuts
     D:4: 1133 daAuts
     D:5: 1001 daAuts
     D:6: 898 daAuts
     D:2: 683 daAuts
     D:3: 658 daAuts
   Sewer: 632 daAuts
     D:1: 564 daAuts
     D:8: 198 daAuts
